 Dungeon Crawl Stone Soup version 0.26.1-11-gd32895ea62 (webtiles) character file.

Game seed: 10168720363408525909

46 Zeld the Insei (level 3, -1/23 HPs)
             Began as an Octopode Transmuter on May 27, 2021.
             Slain by an orc
             ... wielding a +0 mace
              (5 damage)
             ... on level 3 of the Dungeon.
             The game lasted 00:01:48 (1548 turns).

Zeld the Insei (Octopode Transmuter)                Turns: 1548, Time: 00:01:49

Health: -1/23      AC:  1    Str: 10    XL:     3   Next: 68%
Magic:  5/6        EV: 13    Int: 15    God:
Gold:   62         SH:  0    Dex: 12    Spells: 1/7 levels left

rFire    . . .     SeeInvis .     - Unarmed
rCold    . . .     Faith    .   (no shield)
rNeg     . . .     Spirit   .   (helmet currently unavailable)
rPois    .         Reflect  .   (no amulet)
rElec    .         Harm     .   (no ring)
rCorr    .         Rampage  .   (no ring)
Will     .....                  (no ring)
Stlth    ++........             (no ring)
HPRegen  0.07/turn              (no ring)
MPRegen  0.10/turn              (no ring)
                                (no ring)
                                (no ring)

@: appendages
A: almost no armour, stealthy swim, amphibious, 8 rings, constrict 8, tentacle
spike 3, camouflage 1, gelatinous body 1
a: End Transformation


You were on level 3 of the Dungeon.
One of your tentacles had a temporary spike.
You visited 1 branch of the dungeon, and saw 3 of its levels.

You collected 62 gold pieces.

Inventory:

Scrolls
 b - a scroll of teleportation {unknown}
 c - 2 scrolls of magic mapping {unknown}
 d - a scroll of identify {unknown}
Potions
 a - a potion of degeneration {unknown}
 e - a potion of lignification {unknown}


   Skills:
 + Level 1.6 Fighting
 + Level 2.3 Dodging
 - Level 3.0 Unarmed Combat
 * Level 2.6 Spellcasting
 * Level 2.7 Transmutations


You had one spell level left.
You knew the following spells:

 Your Spells              Type           Power        Failure   Level
a - Beastly Appendage     Tmut           20%          7%          1
b - Wereblood             Tmut           10%          10%         2
c - Spider Form           Tmut/Pois      3%           34%         3

Your spell library contained the following spells:

 Spells                   Type           Power        Failure   Level
 Ice Form                 Ice/Tmut       6%           75%         4
 Blade Hands              Tmut           5%           88%         5


Dungeon Overview and Level Annotations

Branches:
Dungeon (3/15)

Altars:
Fedhas

Annotations:
D:2 Robin


Innate Abilities, Weirdness & Mutations

You cannot wear most types of armour.
You are very stealthy in the water. (Stealth+)
You are amphibious.
You can wear up to eight rings at the same time.
You can use your tentacles to constrict eight enemies at once.
Your skin changes colour to match your surroundings (Stealth+).
Your rubbery body absorbs attacks. (AC +1, EV +1)
One of your tentacles bears a large vicious spike.


Message History

A quokka is nearby!
Casting: Beastly Appendage (safe; 7% risk of failure)
Confirm with . or Enter, or press ? or * to list all spells.
One of your tentacles grows a vicious spike.
An orc and an orc warrior come into view.
The orc warrior is wielding a +2 vorpal trident.
The orc warrior shouts!
The orc shouts!
You hear a shout!
An orc and an orc wizard come into view.
The orc shouts!
There is an open door here.
You closely miss the quokka. You grab the quokka.
You pierce the quokka, but do no damage.
You squeeze the quokka.
You kill the quokka!
The orc warrior hits you from afar with a +2 vorpal trident!
Ouch! That really hurt!
* * * LOW HITPOINT WARNING * * *
You see here a quokka corpse.
The orc hits you with a +0 mace.
You die...

#### #....<...#
...#####'#####.#
.......#.# #.## .
....##.#.# #..# ⌠.
##...#.#.# ##.## ...
##.......# #..# ⌠.#
##..)###########'##...#
##...# #.....†.....#
.'...# #....o@...#.#
##...# #....o....#
#...# #...o.o...# #...#
#.........# #####
#.........# #.........#
#.........# #.........#


You could see an orc warrior, an orc wizard and 2 orcs.

Vanquished Creatures
  An adder (D:2)
  A dart slug (D:3)
  A giant cockroach (D:1)
  6 goblins
  A hobgoblin (D:3)
  9 jackals
  4 kobolds
  2 quokkas
  A bat (D:1)
  3 frilled lizards (D:2)
  A rat (D:2)
30 creatures vanquished.

Vanquished Creatures (others)
  3 plants (D:2)
3 creatures vanquished.

Grand Total: 33 creatures vanquished

Notes
Turn   | Place    | Note
-------+----------+-------------------------------------------
     0 | D:1      | Zeld the Octopode Transmuter began the quest for the Orb.
     0 | D:1      | Reached XP level 1. HP: 13/13 MP: 3/3
   390 | D:1      | Reached XP level 2. HP: 10/18 MP: 3/5
   408 | D:1      | Learned a level 2 spell: Wereblood
   715 | D:2      | Found a blossoming altar of Fedhas.
   966 | D:2      | Reached XP level 3. HP: 21/23 MP: 4/6
   970 | D:2      | Learned a level 3 spell: Spider Form
  1156 | D:2      | Noticed Robin
  1544 | D:3      | Noticed an orc warrior
  1548 | D:3      | Slain by an orc

Illustrated notes

Levels and vault maps discovered:
D:1:      evilmike_arrival_rings, layout_basic, hangedman_decor_points,
          minmay_misc_feat_cross
D:2:      layout_loops_ring, fedhas_ov_isle_minmay, nemelex_dance_club_becter,
          uniq_robin
D:3:      layout_basic, minitemple, grunt_ministairs_2

Action                   || total
-------------------------++-------
Melee: Unarmed           ||    64
       Constrict         ||    20
       Tentacles         ||     8
       Kick              ||    10
       Punch             ||     2
 Cast: Beastly Appendage ||    15
Armor: Skin              ||    10
Dodge: Dodged            ||    50
